 Dungeon Crawl Stone Soup version 0.27-a0-1219-g958d993ae5 (webtiles) character file.

Game seed: 15201348819255146962

14 polve the Skirmisher (level 2, -2/24 HPs)
             Began as a Demonspawn Abyssal Knight on June 6, 2021.
             Was a Follower of Lugonu.
             Slain by a gnoll
             ... wielding a +0 club
              (6 damage)
             ... on level 1 of the Dungeon.
             The game lasted 00:00:22 (334 turns).

polve the Skirmisher (Demonspawn Abyssal Knight)     Turns: 334, Time: 00:00:22

Health: -2/24      AC:  3    Str: 12    XL:     2   Next: 27%
Magic:  3/3        EV: 13    Int: 13    God:    Lugonu [*.....]
Gold:   30         SH:  0    Dex: 12    Spells: 1/1 levels left

rFire    . . .     SeeInvis .   a - +1 short sword
rCold    . . .     Faith    .   (no shield)
rNeg     . . .     Spirit   .   b - +0 leather armour
rPois    .         Reflect  .   (no helmet)
rElec    .         Harm     .   (no cloak)
rCorr    .         Rampage  .   (no gloves)
Will     .....                  (no boots)
Stlth    +.........             (no amulet)
HPRegen  0.08/turn              (no ring)
MPRegen  0.08/turn              (no ring)

@: no status effects
A: repulsion field 1
a: Renounce Religion, Depart the Abyss


You were on level 1 of the Dungeon.
You worshipped Lugonu.
Lugonu was aware of your devotion.
You visited 1 branch of the dungeon, and saw 1 of its levels.
You visited the Abyss 1 time.

You collected 30 gold pieces.

Inventory:

Hand Weapons
 a - a +1 short sword (weapon)
Armour
 b - a +0 leather armour (worn)
Scrolls
 c - a scroll of enchant weapon {unknown}
 e - a scroll of identify {unknown}
Potions
 d - a potion of lignification {unknown}


   Skills:
 - Level 3.0 Fighting
 + Level 2.7 Short Blades
 - Level 1.7 Armour
 - Level 0.8 Dodging
 - Level 2.4 Invocations


You had one spell level left.
You didn't know any spells.
Your spell library was empty.

Dungeon Overview and Level Annotations

Branches:
Dungeon (1/15)

Altars:


Innate Abilities, Weirdness & Mutations

You are surrounded by a mild repulsion field. (EV +2)


Message History

No target in view!
No target in view!
Things that are here:
a +0 dagger; a goblin corpse You open the door.
A quokka, a gnoll and a kobold come into view.
There are monsters nearby!
There are monsters nearby!
A rat comes into view.
The gnoll shouts!
The kobold shouts!
There is an open door here.
The rat misses you.
You hit the rat.
You kill the rat!
Lugonu accepts your kill.
You barely miss the quokka. The quokka closely misses you.
You closely miss the quokka.
A ball python comes into view.
The quokka completely misses you.
The ball python hisses angrily.
You hit the quokka.
You kill the quokka!
Lugonu accepts your kill.
You closely miss the kobold. The kobold closely misses you.
Your leather armour prevents you from hitting the kobold.
The kobold hits you with a +0 whip.
You hit the kobold.
You kill the kobold!
Lugonu accepts your kill.
Your leather armour prevents you from hitting the gnoll.
The gnoll hits you with a +0 club.
You closely miss the gnoll. The gnoll hits you with a +0 club.
You hit the gnoll.
The gnoll is moderately wounded.
The gnoll hits you with a +0 club.
* * * LOW HITPOINT WARNING * * *
You hit the gnoll.
The gnoll is heavily wounded.
The gnoll hits you with a +0 club.
You die...

###### ## ####
#.... .# ....
#.... .#.....
#... .#.....
####... .......
#.....# ....#
#.....######....#
+.....'.)@gS....+
#.....######....#
#.....# .......
#.....# ####..#
#.....# .#
#.....# #
#.....####.
###........
#######.#......


You could see a gnoll and a ball python.

Vanquished Creatures
  An ufetubus (Abyss:1)
  A goblin (D:1)
  2 quokkas (D:1)
  A ball python (D:1)
  A frilled lizard (D:1)
  A kobold (D:1)
  3 rats (D:1)
10 creatures vanquished.

Notes
Turn   | Place    | Note
-------+----------+-------------------------------------------
     0 | Abyss:1  | polve the Demonspawn Abyssal Knight began the quest for the
                  | Orb.
     0 | Abyss:1  | Reached XP level 1. HP: 18/18 MP: 2/2
    37 | Abyss:1  | Noticed a large abomination
    53 | D:1      | Escaped the Abyss
   266 | D:1      | Reached * piety under Lugonu
   267 | D:1      | Gained mutation: You are surrounded by a mild repulsion
                  | field. (EV +2) [demonic ancestry]
   267 | D:1      | Reached XP level 2. HP: 24/24 MP: 3/3
   334 | D:1      | Slain by a gnoll

Illustrated notes

Levels and vault maps discovered:
D:1:      saegor_arrival_simple_e, layout_basic, basic_ecumenical_altar,
          serial_shops, nicolae_shop_statue_plus, grunt_decor_junction,
          minmay_misc_feat_rugged, skrybe_limestone_x

Skill      XL: |  1 |
---------------+----+-----
Short Blades   | 2 |  2.7
Fighting       | |  3.0
Armour         | |  1.7
Dodging        | |  0.8
Invocations    | |  2.4

Action                   || total
-------------------------++-------
Melee: Short sword       ||    26
Invok: Depart the Abyss  ||     1
Armor: Leather armour    ||     2
Dodge: Dodged            ||    13

Table legend: (Time is in decaauts)
 A = Elapsed time spent in this place.
 B = Non-inter-level travel time spent in this place.
 C = Inter-level travel time spent in this place.
 D = Time resting spent in this place.
 E = Time spent auto-exploring this place.
 F = Levels seen in this place.
 G = Mean time per level.
                   A        B        C        D        E       F      G
               +--------+--------+--------+--------+--------+-----+--------+
         Total |    333 |    333 |      0 |      0 |    264 |   2 |  166.5 |
       Dungeon |    280 |    280 |      0 |      0 |    229 |   1 |  280.0 |
         Abyss |     53 |     53 |      0 |      0 |     35 |   1 |   53.0 |
               +--------+--------+--------+--------+--------+-----+--------+

Top non-repeatable levels by time:
     D:1: 280 daAuts
 Abyss:1: 53 daAuts
